 Dungeon Crawl Stone Soup version 0.23.0-3-gf3c87f2df8 (webtiles) character file.

Game seed: 11800852958879432332

2257 Jannitor the Shield-Bearer (level 9, -2/68 HPs)
             Began as a Vampire Conjurer on Feb 20, 2019.
             Was a Believer of Trog.
             Slain by a killer bee (4 damage)
             ... on level 8 of the Dungeon on Feb 21, 2019.
             The game lasted 00:24:31 (15195 turns).

Jannitor the Shield-Bearer (Vampire Conjurer)      Turns: 15195, Time: 00:24:33

Health: -2/68      AC:  3    Str:  9 (12) XL:     9   Next: 15%
Magic:  21/21      EV: 11    Int: 18      God:    Trog [**....]
Gold:   221        SH: 11    Dex: 12 (14) Spells: 11/12 levels left

rFire    . . .     SeeInvis +   z - +0 rapier
rCold    + . .     Gourm    .   s - +2 shield
rNeg     + + .     Faith    .   h - +0 robe {MR+}
rPois    +         Spirit   .   (no helmet)
rElec    +         Reflect  .   (no cloak)
rCorr    .         Harm     .   (no gloves)
MR       +....     Clarity  +   f - +0 pair of boots
Stlth    ++++......             v - amulet of the acrobat
HPRegen  0.10/turn              w - ring of poison resistance
MPRegen  0.17/turn              c - ring of magical power

@: about to teleport, berserk cooldown, regenerating slowly, slowed, very slow
A: rotting body, fangs 3, see invisible, clarity, screaming 1, electricity
resistance, strong 1, unbreathing
a: Bat Form, Berserk, Trog's Hand, Renounce Religion


You were on level 8 of the Dungeon.
You worshipped Trog.
Trog was pleased with you.
You were thirsty.

You visited 1 branch of the dungeon, and saw 8 of its levels.
You also visited: Ossuary.

You collected 263 gold pieces.
You spent 42 gold pieces at shops.

Inventory:

Hand Weapons
 e - a +0 short sword
 o - a +0 blowgun
 z - a +0 rapier (weapon)
Missiles
 b - 228 stones (quivered)
 p - 10 poisoned needles
 y - 4 curare-tipped needles
Armour
 a - a +0 robe
 f - a +0 pair of boots (worn)
 h - a +0 robe of magic resistance (worn)
 s - a +2 shield (worn)
Jewellery
 c - a ring of magical power (right hand)
 n - an uncursed amulet of the gourmand
 v - an amulet of the acrobat (around neck)
 w - a ring of poison resistance (left hand)
Scrolls
 d - 5 scrolls of teleportation
 i - 4 scrolls of identify
 j - 2 scrolls of noise {unknown}
 k - 2 scrolls of remove curse
 l - 4 scrolls of fog
 t - 4 scrolls of immolation {unknown}
 u - a scroll of amnesia {unknown}
 x - a scroll of enchant armour {unknown}
 B - a scroll of summoning {unknown}
Potions
 m - 2 potions of brilliance
 q - a potion of degeneration
 r - a potion of flight
 A - a potion of mutation


   Skills:
 + Level 5.4 Fighting
 + Level 6.8 Short Blades
 - Level 2.1 Dodging
 - Level 5.0 Stealth
 * Level 7.2 Shields
 - Level 2.0 Spellcasting
 - Level 2.9 Conjurations


You had 11 spell levels left.
You knew the following spells:

 Your Spells              Type           Power        Failure   Level  Hunger
a - Magic Dart            Conj           ##..         14%         1    #......

Your spell library contained the following spells:

 Spells                   Type           Power        Failure   Level  Hunger
 Searing Ray              Conj           ##....       22%         2    ###....
 Dazzling Spray           Conj/Hex       #.....       63%         3    ###....
 Iskenderun's Mystic Bla  Conj           ##......     82%         4    #####..
 Force Lance              Conj/Tloc      #.......     95%         4    #####..
 Fulminant Prism          Conj/Hex       #.........   95%         4    #####..


Dungeon Overview and Level Annotations

Branches:
Dungeon (8/15)             Temple (0/1) D:6
   Lair: D:8-11

Altars:
Elyvilon
Hepliaklqana
Sif Muna
Trog
Wu Jian
The Shining One

Shops:
D:5 *%((

Annotations:
D:4 4 runed translucent doors, exclusion: ice beast, guttsta's ghost, amateur HONe
D:7 Joseph


Innate Abilities, Weirdness & Mutations

Your body is rotting away.
You thrive on raw meat.
You heal slowly.
You have razor-sharp teeth.
You have supernaturally acute eyesight. (SInv)
You can survive without breathing.
You possess an exceptional clarity of mind.
You occasionally shout uncontrollably at your foes.
You are resistant to electric shocks. (rElec)
Your muscles are strong. (Str +2)


Message History

An orc wizard comes into view. It is wielding a +0 morningstar.
An orc comes into view. It is wielding a +0 long sword.
The killer bee moves out of view.
The orc shouts!
You hear an angry buzzing noise. x2
A hobgoblin zombie comes into view.
You shout at the hobgoblin zombie!
A killer bee comes into view.
The killer bee buzzes angrily.
You hear a shout!
You hear an angry buzzing noise. x2
You block the killer bee's attack.
A killer bee comes into view.
The killer bee completely misses you.
As you read the scroll of teleportation, it crumbles to dust.
You feel strangely unstable.
The killer bee buzzes angrily.
A killer bee comes into view.
You block the killer bee's attack. The killer bee stings you.
* * * LOW HITPOINT WARNING * * *
The killer bee stings you.
You die...

**,*,,,,,,,,,**,* *,,,,,,,,
*,************,* *,,**,*** ## *,*
*,### *,,,,,,,, .# ##+## *.#.##
*,***,*** .###...##
*.(..***,,,,,* * .##.....##
####.?#,,**,.#*** * .#.....(.##
##.#..#**,,*..#*,***
..........####....#*,#*,...*,,,**
..........'(y...@###'###...,,,,,,
##..%.....####..#yZyy..y#,,,,,,,*
.#...(...##*#..###o.o..##*,,*<,,*
.#......##*#..##y##.$.##,**,,*,,*
.#.#...##*#..###'###.###+##*,,,,*
...##+## #.................y,,,,*
.#.##,* #####.##..###..#...**,,*
.#.##.* #..###.#**♣♣♣,,,,****
.#.##.#######.####.#*,**,*,,**,**


You could see 5 killer bees, an orc wizard, an orc and a hobgoblin zombie.

Vanquished Creatures
  Menkaure (D:6)
  2 orc warriors (D:6)
  A sky beast (D:5)
  An ice beast (D:6)
  An ogre (D:5)
  2 centaurs
  A big kobold (D:8)
  2 bullfrogs
  A scorpion (D:6)
  7 killer bees (D:8)
  2 howler monkeys
  2 crimson imps
  A quasit (D:6)
  2 hounds
  A jelly (D:5)
  3 orc priests
  2 orc wizards
  A centaur skeleton (D:3)
  Terence (D:1)
  4 worker ants
  4 big kobold zombies (Ossuary)
  A hound skeleton (D:8)
  7 mummies
  A worker ant zombie (D:6)
  5 adders
  3 oozes
  An adder skeleton (D:7)
  An adder zombie (D:5)
  7 worms
  A dart slug (D:1)
  3 leopard geckos
  32 orcs
  7 giant cockroaches
  9 goblins
  6 hobgoblins
  13 kobolds
  3 quokkas
  3 ball pythons
  7 bats
  7 frilled lizards
  A jackal zombie (D:5)
  2 kobold zombies (Ossuary)
  2 orc zombies (Ossuary)
  A quokka skeleton (D:5)
  7 rats
172 creatures vanquished.

Vanquished Creatures (others)
  An orc (D:7)
  A quokka (D:7)
2 creatures vanquished.

Grand Total: 174 creatures vanquished

Notes
Turn   | Place    | Note
-------+----------+-------------------------------------------
     0 | D:1      | Jannitor the Vampire Conjurer began the quest for the Orb.
     0 | D:1      | Reached XP level 1. HP: 13/13 MP: 3/3
   746 | D:1      | Reached skill level 1 in Fighting
   746 | D:1      | Reached XP level 2. HP: 21/21 MP: 1/5
  1258 | D:1      | Reached skill level 1 in Short Blades
  1656 | D:1      | Reached XP level 3. HP: 26/26 MP: 0/6
  1757 | D:2      | Noticed an ogre
  2509 | D:2      | Found an ornate altar of the Wu Jian Council.
  3280 | D:2      | Noticed Terence
  3585 | D:1      | Killed Terence
  3585 | D:1      | Reached XP level 4. HP: 18/33 MP: 7/7
  5498 | D:3      | Reached skill level 5 in Stealth
  5708 | D:3      | Reached XP level 5. HP: 28/38 MP: 8/8
  6045 | D:4      | Found a runed translucent gate.
  6045 | D:4      | Found a runed translucent gate.
  6045 | D:4      | Found a runed translucent gate.
  6050 | D:4      | Noticed guttsta's ghost (amateur HONe)
  6073 | D:4      | Noticed an ice beast
  6171 | D:4      | Reached skill level 1 in Shields
  6224 | D:4      | Found a deep blue altar of Sif Muna.
  6709 | D:4      | Found a glowing golden altar of the Shining One.
  6824 | D:4      | Found a runed translucent door.
  6825 | D:4      | Noticed an angel
  6831 | D:4      | Found a white marble altar of Elyvilon.
  6933 | D:4      | Reached skill level 2 in Shields
  6933 | D:4      | Reached XP level 6. HP: 22/46 MP: 9/9
  7493 | D:5      | Entered Level 5 of the Dungeon
  7539 | D:5      | Found Deczed's Weapon Boutique.
  8136 | D:5      | Found Etwa's General Store.
  8138 | D:5      | Noticed a sky beast
  8147 | D:5      | Killed a sky beast
  8147 | D:5      | Reached skill level 3 in Shields
  8149 | D:5      | Bought a scroll of teleportation for 42 gold pieces
  8677 | D:5      | Reached XP level 7. HP: 48/52 MP: 10/10
  9014 | D:5      | Found Nilaex's Food Boutique.
  9043 | D:5      | Reached skill level 4 in Shields
  9166 | D:5      | Found a bloodstained altar of Trog.
  9166 | D:5      | Found a white marble altar of Elyvilon.
  9284 | D:5      | Became a worshipper of Trog the Wrathful
  9314 | D:5      | Found Dailyzor's Weapon Shop.
 10413 | D:6      | Reached skill level 5 in Short Blades
 10660 | D:6      | Found a staircase to the Ecumenical Temple.
 11146 | D:6      | Reached skill level 5 in Shields
 11146 | D:6      | Reached XP level 8. HP: 33/60 MP: 11/11
 11991 | D:6      | Noticed Menkaure
 12004 | D:6      | Killed Menkaure
 12536 | D:6      | Reached * piety under Trog
 13178 | D:6      | Reached skill level 6 in Shields
 13218 | D:7      | Noticed Joseph
 13299 | D:8      | Found a hazy altar of Hepliaklqana.
 13556 | D:8      | Reached skill level 5 in Fighting
 13579 | D:8      | Found a sand-covered staircase.
 13619 | Ossuary  | Entered an ossuary
 14658 | D:8      | Reached XP level 9. HP: 68/68 MP: 12/12
 14754 | D:8      | Gained mutation: You are weak. (Str -2) [potion of
                  | mutation]
 14754 | D:8      | Gained mutation: You expend magic power (3 MP) to
                  | strengthen your wands. [potion of mutation]
 14757 | D:8      | Lost mutation: You expend magic power (3 MP) to strengthen
                  | your wands. [potion of mutation]
 14757 | D:8      | Lost mutation: You are weak. (Str -2) [potion of mutation]
 14757 | D:8      | Gained mutation: You occasionally shout uncontrollably at
                  | your foes. [potion of mutation]
 14757 | D:8      | Gained mutation: Your muscles are strong. (Str +2) [potion
                  | of mutation]
 14757 | D:8      | Gained mutation: You possess an exceptional clarity of
                  | mind. [potion of mutation]
 14757 | D:8      | Gained mutation: You are resistant to electric shocks.
                  | (rElec) [potion of mutation]
 14879 | D:8      | Reached ** piety under Trog
 14879 | D:8      | Reached skill level 7 in Shields
 15195 | D:8      | HP: 2/68 [killer bee (6)]
 15195 | D:8      | Slain by a killer bee

Skill      XL: |  1  2  3  4  5  6  7  8  9 |
---------------+----------------------------+-----
Fighting       | 1 2 3 4 5 |  5.4
Stealth        | 4 5 |  5.0
Short Blades   | 1 2 3 4 5 6 |  6.8
Shields        | 2 3 5 6 7 |  7.2
Dodging        | |  2.1
Spellcasting   | |  2.0
Conjurations   | |  2.9

Action                   |  1- 3 |  4- 6 |  7- 9 || total
-------------------------+-------+-------+-------++-------
Melee: Short sword       |    57 |   191 |   188 ||   436
       Bite              |     9 |    19 |    61 ||    89
       Rapier            |       |       |   433 ||   433
 Fire: Blowgun           |       |     3 |    15 ||    18
 Cast: Magic Dart        |    93 |    54 |       ||   147
Invok: Berserk           |       |       |     2 ||     2
       Trog's Hand       |       |       |     1 ||     1
 Abil: End Transformatio |     2 |     2 |       ||     4
       Bat Form          |     2 |     2 |       ||     4
Evoke: Wand              |       |     2 |    17 ||    19
  Use: Potion            |     7 |    11 |    28 ||    46
       Scroll            |       |       |     8 ||     8
 Stab: Sleeping          |     4 |     5 |     9 ||    18
       Paralysed         |       |     1 |     2 ||     3
       Distracted        |       |       |     2 ||     2
Armor: Robe              |    16 |    32 |    69 ||   117
Dodge: Dodged            |    43 |    64 |   227 ||   334
Block: Shield            |       |    61 |   334 ||   395
